 Dungeon Crawl Stone Soup version bcrawl-1.14.2-1-gc900083943 (webtiles) character file.

Game seed: 2921348017324757019

6385 MisterOstroum the Arsonist (level 10, -1/59 HPs)
             Began as an Avariel Fire Elementalist on Sept 21, 2019.
             Was a Believer of Vehumet.
             Slain by a spectral orc warrior
             ... wielding a +0 short sword
             ... summoned by Nergalle
              (2 damage)
             ... on level 9 of the Dungeon.
             The game lasted 00:36:40 (10786 turns).

MisterOstroum the Arsonist (AvFE)                  Turns: 10786, Time: 00:36:41

Health: -1/59      AC:  8    Str:  6    XL:     10   Next: 97%
Magic:  16/22      EV: 16    Int: 31    God:    Vehumet [**....]
Gold:   332        SH:  0    Dex: 13    Spells: 2/23 levels left

rFire    + . .     SeeInvis .   s - +3 quarterstaff (chaos)
rCold    x . .     Gourm    .   (shield currently unavailable)
rNeg     . . .     Faith    .   P - +2 robe {MR+}
rPois    .         Spirit   .   l - +0 helmet
rElec    .         Reflect  .   r - +0 cloak
rCorr    .         Harm     .   z - +0 pair of gloves
MR       ++...                  d - +0 pair of boots
Stlth    ++........             (no amulet)
HPRegen  0.19/turn              u - +6 ring of intelligence
MPRegen  0.18/turn              B - ring of fire

@: about to teleport, flying quickly and evasively, very slightly contaminated,
heavily drained, quick
A: able to fly
a: Stop Flying, Renounce Religion


You were on level 9 of the Dungeon.
You worshipped Vehumet.
Vehumet was pleased with you.
You were not hungry.

You visited 2 branches of the dungeon, and saw 10 of its levels.

You collected 444 gold pieces.
You spent 112 gold pieces at shops.

Inventory:

Hand Weapons
 c - a +0 dagger
 s - a +3 quarterstaff of chaos (weapon)
 C - a +4 vampiric halberd
 E - a +0 blowgun
 O - a +3 scimitar of flaming
Missiles
 g - 589 stones (quivered)
 j - 1490 arrows
 x - 515 bolts
 F - 243 poisoned needles
Armour
 d - a +0 pair of boots (worn)
 l - a +0 helmet (worn)
 r - a +0 cloak (worn)
 z - a +0 pair of gloves (worn)
 G - a +0 troll leather armour
 P - a +2 robe of magic resistance (worn)
Jewellery
 u - a +6 ring of intelligence (left hand)
 B - a ring of fire (right hand)
 K - the amulet of Monotheism {Spirit Dex+4, unknown}
   (You found it on level 8 of the Dungeon)

   [amulet of guardian spirit]

   It causes incoming damage to be split between your health and magic.
   It affects your dexterity (+4).
 L - an uncursed ring of ice {unknown}
Wands
 f - a wand of iceblast (5)
 y - a wand of enslavement (2)
 J - a wand of disintegration (14)
Scrolls
 h - 4 scrolls of remove curse {@r2}
 i - 2 scrolls of fear {!r}
 k - 3 scrolls of amnesia
 n - 4 scrolls of magic mapping {@r5 !r}
 D - a scroll of enchant armour
 H - a scroll of fog {!r}
 M - a scroll of immolation {unknown}
 N - a scroll of identify {@r1}
Potions
 b - 6 potions of curing {@q1 !q}
 p - a potion of resistance
 t - a potion of might {@q3 !q}
 v - a potion of haste {@q4 !q}
 w - a potion of lignification {@q6}
 A - 2 potions of ambrosia
Comestibles
 a - 2 chunks of flesh
 e - 12 rations {!d}


   Skills:
 - Level 5.0(3.7) Fighting
 - Level 5.2(3.9) Dodging
 - Level 5.2(3.9) Stealth
 * Level 7.0(5.6) Spellcasting
 - Level 10.1(8.6) Conjurations
 + Level 10.4(9.0) Fire Magic
 + Level 5.0(3.7) Evocations


You had 2 spell levels left.
You knew the following spells:

 Your Spells              Type           Power        Failure   Level  Hunger
a - Flame Tongue          Conj/Fire      #####        1%          1    None
b - Flaming Arrows        Chrm/Fire      ######..     1%          2    None
c - Sticky Flame          Conj/Fire      #######.     1%          4    ###....
d - Fireball              Conj/Fire      #######...   3%          5    #####..
e - Conjure Flame         Conj/Fire      #######.     1%          3    None
f - Inner Flame           Hex/Fire       N/A          2%          3    None
g - Mephitic Cloud        Conj/Pois/Air  ####....     4%          3    None

Your spell library contained the following spells:

 Spells                   Type           Power        Failure   Level  Hunger
 Dazzling Spray           Conj/Hex       #####.       2%          3    None
 Poisonous Vapours        Pois/Air       #.....       8%          2    None
 Freezing Cloud           Ice/Air        #.........   100%        6    ######.
 Ring of Flames           Chrm/Fire      ######....   100%        7    #######


Dungeon Overview and Level Annotations

Branches:
Dungeon (9/12)             Temple (1/1) D:6            Lair (0/6) D:7
    Orc: D:8-11

Altars:
Ashenzari
Cheibriados
Dithmenos
Fedhas
Lugonu
Makhleb
Nemelex Xobeh
Okawaru
Qazlal
Ru
Sif Muna
Vehumet
Wu Jian
Xom
Zin
The Shining One

Shops:
D:7 }*?   D:9 (

Annotations:
D:6 1 runed translucent door, junkhipster's ghost, novice GrFi
D:8 1 runed translucent door, Banto's ghost, novice DrTm
D:9 Nergalle


Innate Abilities, Weirdness & Mutations

You can fly continuously.


Message History

Nergalle points at you and mumbles some strange words.
Orcish apparitions take form around you.
You hit the spectral orc warrior but do no damage.
The spectral orc warrior flickers and vanishes!
Deactivating autopickup; reactivate with Ctrl-A.
Something hits you. Something closely misses you.
Okay, then.
Unknown command.
Casting: Fireball (safe; 1% risk of failure)
Confirm with . or Enter, or press ? or * to list all spells.
Okay, then.
Casting: Fireball (safe; 1% risk of failure)
Confirm with . or Enter, or press ? or * to list all spells.
You can't see any susceptible monsters within range! (Use Z to cast anyway.)
Casting: Fireball (safe; 1% risk of failure)
Confirm with . or Enter, or press ? or * to list all spells.
You can't see any susceptible monsters within range! (Use Z to cast anyway.)
Casting: Fireball (safe; 1% risk of failure)
Confirm with . or Enter, or press ? or * to list all spells.
Aiming: Sticky Flame (safe; 1% risk of failure)
Press: ? - help, Shift-Dir - straight line You feel a surge of power!
The sticky flame hits something.
Nergalle mutters something.
Something hits you but does no damage.
Nergalle points at you and mumbles some strange words.
The bolt of negative energy hits you!
You feel drained.
Ouch! That really hurt!
You hit something.
Nothing appears to happen.
Something barely misses you.
You hit something but do no damage. Something hits you.
* * * LOW HITPOINT WARNING * * *
You feel drained.
* * * LOW HITPOINT WARNING * * *
Something hits you but does no damage.
Wield which item (- for none, * to show all)? (? for menu, Esc to quit)
Okay, then.
Drop what? 40/52 slots (_ for help) (? for menu, Esc to quit)
Okay, then.
Unknown command.
Casting: Sticky Flame (safe; 1% risk of failure)
Confirm with . or Enter, or press ? or * to list all spells.
Aiming: Fireball (safe; 3% risk of failure)
Press: ? - help, Shift-Dir - straight line, f - Nergalle
Aim: Nergalle, wielding a +0 dagger and wearing a +0 robe of cold resistance
Okay, then.
Casting: Fireball (safe; 3% risk of failure)
Confirm with . or Enter, or press ? or * to list all spells.
Aiming: Conjure Flame (safe; 1% risk of failure)
Press: ? - help, Dir - move target cursor You feel a surge of power!
The fire ignites!
Something barely misses you. Something hits you.
* * * LOW HITPOINT WARNING * * *
Okay, then.
Okay, then.
Blink to where?
Press: ? - help, Dir - move target cursor You are very lightly contaminated with residual magic.
As you read the scroll of blinking {@r4}, it crumbles to dust.
Unknown command.
Items here: ) [[[ ÷ a large shield; a +0 buckler; a +0 robe; a +0 short sword the human skeleton of Erica Nergalle gestures at you while chanting.
Orcish apparitions take form around you.
Something hits you.
* * * LOW HITPOINT WARNING * * *
You feel drained.
* * * LOW HITPOINT WARNING * * *
You hit the spectral orc warrior.
The spectral orc warrior is lightly damaged.
Something hits you but does no damage.
The spectral orc warrior closely misses you.
Nergalle gestures at you while chanting.
Orcish apparitions take form around you.
Something hits you.
* * * LOW HITPOINT WARNING * * *
Okay, then.
Really read
i - 3 scrolls of fear {!r}?
As you read the scroll of fear {!r}, it crumbles to dust.
You assume a fearsome visage.
Nergalle looks frightened!
The spectral orc warrior is unaffected. x4; Something barely misses you.
The spectral orc warrior barely misses you.
The spectral orc warrior misses you.
The spectral orc warrior hits you but does no damage.
Really read
I - a scroll of teleportation {@r3 !r}?
As you read the scroll of teleportation {@r3 !r}, it crumbles to dust.
You feel strangely unstable.
Something hits you but does no damage. x2
Casting: Conjure Flame (safe; 1% risk of failure)
Confirm with . or Enter, or press ? or * to list all spells.
Aiming: Flame Tongue (safe; 1% risk of failure)
Press: ? - help, Shift-Dir - straight line, f - spectral orc warrior
Aim: a spectral orc warrior, wielding a +0 battleaxe and wearing a cursed +0 chain mail (lightly damaged, summoned)
You feel a surge of power!
The flame tongue hits the spectral orc warrior.
The spectral orc warrior is lightly damaged.
The spectral orc warrior completely misses you.
The spectral orc warrior hits you from afar with a +0 halberd.
* * * LOW HITPOINT WARNING * * *
The spectral orc warrior closely misses you.
Something hits you.
You die...

#)#<#.#
#)#.#.####
#.#......#
#.#.#.##.#
#§#.#....#
#o#.#..###
#.#......#
#o######Z#
#..[Z{@ZZ#
##########


You could see Nergalle (fleeing) and 4 spectral orc warriors.

Vanquished Creatures
  Erica (D:9)
  A troll (D:8)
  Prince Ribbit (D:5)
  A hippogriff (D:6)
  A yak (D:7)
  A wraith (D:9)
  Edmund (D:5)
  Menkaure (D:5)
  A water moccasin (D:5)
  2 porcupines
  4 ice beasts
  2 sky beasts
  2 black bears (D:7)
  2 orc warriors
  3 ogres
  4 centaurs
  A crocodile (D:7)
  5 big kobolds
  10 bullfrogs
  2 scorpions
  5 killer bees
  A howler monkey (D:4)
  3 crimson imps
  A bullfrog zombie (D:8)
  8 hounds
  2 jellies
  Crazy Yiuf (D:2)
  An orc priest (D:7)
  A gnoll shaman (D:5)
  6 orc wizards
  2 iguanas
  11 worker ants
  A hound zombie (D:5)
  3 hound skeletons
  A howler monkey zombie (D:8)
  9 gnolls
  6 adders
  2 shadow imps
  An ooze (D:3)
  An adder skeleton (D:4)
  8 worms
  2 dart slugs
  2 leopard geckos (D:2)
  14 orcs
  A ball python (D:2)
  7 bats
  3 giant cockroaches
  4 goblins
  8 hobgoblins
  11 jackals
  5 quokkas
  A frilled lizard (D:2)
  27 kobolds
  5 rats
210 creatures vanquished.

Vanquished Creatures (others)
  19 fungi (D:7)
  4 plants (D:7)
23 creatures vanquished.

Grand Total: 233 creatures vanquished

Notes
Turn   | Place    | Note
-------+----------+-------------------------------------------
     0 | D:1      | MisterOstroum the Avariel Fire Elementalist began the quest
                  | for the Orb.
     0 | D:1      | Reached XP level 1. HP: 10/10 MP: 6/6
    72 | D:1      | Reached skill level 1 in Fighting
    72 | D:1      | Reached XP level 2. HP: 16/16 MP: 0/7
   192 | D:1      | Learned a level 2 spell: Flaming Arrows
   865 | D:2      | Reached XP level 3. HP: 21/21 MP: 4/9
  1224 | D:2      | Reached XP level 4. HP: 12/26 MP: 7/10
  1364 | D:2      | Learned a level 4 spell: Sticky Flame
  1753 | D:2      | Found a glowing golden altar of the Shining One.
  2290 | D:2      | Found a runed door.
  2342 | D:2      | Noticed Crazy Yiuf
  2347 | D:2      | Killed Crazy Yiuf
  2347 | D:2      | Reached XP level 5. HP: 30/30 MP: 2/11
  2902 | D:3      | Found a blossoming altar of Fedhas.
  2942 | D:3      | Reached XP level 6. HP: 35/35 MP: 10/12
  3039 | D:3      | Reached skill level 5 in Conjurations
  3520 | D:4      | Noticed a sky beast
  3529 | D:4      | Killed a sky beast
  3593 | D:4      | Reached skill level 5 in Fire Magic
  3616 | D:4      | Reached XP level 7. HP: 18/40 MP: 0/13
  3961 | D:4      | Reached skill level 5 in Stealth
  4329 | D:4      | Found a sparkling altar of Nemelex Xobeh.
  4494 | D:4      | Reached XP level 8. HP: 24/46 MP: 8/16
  4721 | D:4      | Got a scorched scale mail
  4912 | D:5      | Entered Level 5 of the Dungeon
  4935 | D:5      | Noticed Edmund
  4946 | D:5      | Killed Edmund
  4946 | D:5      | Reached skill level 5 in Spellcasting
  4954 | D:5      | Learned a level 5 spell: Fireball
  4958 | D:5      | Learned a level 3 spell: Conjure Flame
  5325 | D:5      | Reached skill level 5 in Fighting
  5459 | D:5      | Identified the +1 scale mail "Cuwa" {rElec} (You found it
                  | on level 4 of the Dungeon)
  5515 | D:5      | Noticed Prince Ribbit
  5518 | D:5      | Killed Prince Ribbit
  5675 | D:5      | Gained mutation: You can fly continuously. [Avariel growth]
  5675 | D:5      | Reached XP level 9. HP: 54/54 MP: 13/20
  5820 | D:5      | Noticed Menkaure
  5843 | D:5      | Killed Menkaure
  5952 | D:5      | Learned a level 3 spell: Inner Flame
  6264 | D:6      | Reached skill level 1 in Evocations
  6309 | D:6      | Found a staircase to the Ecumenical Temple.
  6314 | Temple   | Entered the Ecumenical Temple
  6393 | Temple   | Became a worshipper of Vehumet
  6674 | D:6      | Reached skill level 5 in Dodging
  6790 | D:6      | Found a stormy altar of Qazlal.
  6826 | D:6      | Found a runed translucent door.
  6830 | D:6      | Noticed junkhipster's ghost (novice GrFi)
  7427 | D:6      | Found a runed translucent door.
  7809 | D:7      | Reached * piety under Vehumet
  7809 | D:7      | Offered knowledge of Magic Dart by Vehumet.
  8030 | D:7      | Found Cyga's Gadget Emporium.
  8413 | D:7      | Reached skill level 5 in Evocations
  8417 | D:7      | Found Kuwuukhac's General Store.
  8488 | D:7      | Reached skill level 10 in Conjurations
  8494 | D:7      | Reached XP level 10. HP: 59/59 MP: 7/21
  9096 | D:7      | Found a shimmering blue altar of Sif Muna.
  9189 | D:7      | Learned a level 3 spell: Mephitic Cloud
  9193 | D:7      | Found a staircase to the Lair.
  9293 | D:7      | Found Icri's Magic Scroll Shop.
  9301 | D:7      | Bought a scroll of fog for 32 gold pieces
  9301 | D:7      | Bought a scroll of teleportation for 48 gold pieces
  9314 | D:7      | Bought a scroll of identify for 32 gold pieces
  9489 | D:8      | Reached ** piety under Vehumet
  9491 | D:8      | Offered knowledge of Freeze by Vehumet.
  9802 | D:8      | Got a heavily runed zirconium amulet
 10117 | D:8      | Found a runed translucent door.
 10117 | D:8      | Found a shimmering altar of Xom.
 10117 | D:8      | Noticed Banto's ghost (novice DrTm)
 10118 | D:8      | Noticed a +0 dagger of chaos
 10340 | D:9      | Found Tigru's Antique Weapon Emporium.
 10348 | D:9      | Noticed an orc knight
 10378 | D:9      | Offered knowledge of Dazzling Spray by Vehumet.
 10384 | D:9      | Noticed Nergalle
 10624 | D:9      | Noticed Erica
 10643 | D:9      | Killed Erica
 10643 | D:9      | Reached skill level 10 in Fire Magic
 10786 | D:9      | HP: 1/59 [spectral orc warrior/+0 halberd[Nergalle] (5)]
 10786 | D:9      | Slain by a spectral orc warrior

Skill      XL: |  1  2  3  4  5  6  7  8  9 10 |
---------------+-------------------------------+-----
Fighting       | 1 2 3 5 |  5.0
Spellcasting   | 3 4 6 7 |  7.0
Conjurations   | 3 4 6 7 10 | 10.1
Fire Magic     | 4 5 10 | 10.4
Stealth        | 4 5 |  5.2
Dodging        | 3 5 |  5.2
Evocations     | 5 |  5.0

Action                   |  1- 3 |  4- 6 |  7- 9 | 10-12 || total
-------------------------+-------+-------+-------+-------++-------
Melee: Spear             |     9 |     9 |     3 |       ||    21
       Quarterstaff      |       |       |    13 |    22 ||    35
Throw: Stone             |     3 |     1 |     7 |       ||    11
 Cast: Flame Tongue      |    34 |   112 |   172 |    73 ||   391
       Flaming Arrows    |     1 |       |     3 |     1 ||     5
       Sticky Flame      |       |     2 |    32 |    29 ||    63
       Fireball          |       |       |     8 |    10 ||    18
       Conjure Flame     |       |       |     1 |     4 ||     5
 Abil: Fly               |       |       |     1 |       ||     1
  Use: Scroll            |       |     5 |     3 |     8 ||    16
 Stab: Sleeping          |     1 |       |     1 |       ||     2
       Paralysed         |       |       |       |     1 ||     1
  Eat: Chunk             |     1 |     7 |    16 |     6 ||    30
       Ration            |       |       |     1 |     1 ||     2
Armor: Robe              |     2 |     8 |    15 |    13 ||    38
       Skin              |       |       |       |     1 ||     1
Dodge: Dodged            |    20 |    21 |    90 |    68 ||   199
Block: Buckler           |       |     1 |     1 |       ||     2
